Map: Catalyst LE

Players

Ziggy - Winner!

  • Race: Terran Terran
  • Spawn Location: 5:00

PappiJoe

  • Race: Protoss Protoss
  • Spawn Location: 11:00

Event: WCS Leipzig 2018

VOD

Have the link to the VOD?

Description

Time

  • Played on: Jan. 26, 2018, 8:01 a.m.
  • Length: 12:47

All games in this series

Show
View Real Time Build Order
Export as new Build Order

Ziggy Terran - Winner!

Build Orders: MMM Bio 

Get SALT Encoding   

  12  0:00  SCV  
  13  0:12  SCV  
  14  0:17  Supply Depot  
  14  0:24  SCV  
  15  0:39  SCV  
  15  0:40  Barracks  
  16  0:46  Refinery  
  16  0:51  SCV  
  17  1:03  SCV  
  18  1:15  SCV  
  19  1:27  Marine  
  19  1:28  Orbital Command  
  20  1:36  Refinery  
  20  1:51  Command Center  
  20  1:55  SCV  
  21  2:05  Supply Depot  
  21  2:06  Barracks Tech Lab  
  21  2:08  SCV  
  22  2:20  SCV  
  23  2:24  Concussive Shells  
  23  2:26  Marauder  
  25  2:30  Barracks  
  25  2:32  SCV  
  26  2:43  Barracks  
  26  2:45  SCV  
  26  2:49  Marauder  
  28  3:00  SCV  
  28  3:04  Engineering Bay  
  29  3:09  Marine, Stimpack  
  30  3:15  Orbital Command  
  30  3:20  SCV  
  30  3:21  Barracks Reactor  
  31  3:31  Terran Infantry Weapons Level 1  
  31  3:32  SCV  
  32  3:34  Missile Turret  
  32  3:38  Barracks Tech Lab  
  32  3:40  SCV  
  33  3:44  Missile Turret  
  33  3:47  Marauder  
  35  3:50  SCV  
  36  4:00  Marine x2  
  40  4:04  SCV  
  41  4:10  Marauder  
  41  4:14  Supply Depot  
  41  4:15  SCV  
  41  4:24  Marine x2  
  41  4:26  Refinery, SCV, Barracks  
  41  4:27  Barracks  
  41  4:30  Marauder  
  44  4:32  SCV  
  44  4:38  SCV  
  44  4:39  Refinery  
  44  4:41  Marine  
  44  4:43  Refinery  
  44  4:44  SCV, Marine x2  
  48  4:51  Supply Depot  
  48  4:52  Marine  
  49  4:54  SCV  
  49  4:57  SCV  
  49  4:58  Combat Shields, Marine  
  52  5:07  SCV  
  52  5:10  Factory  
  52  5:12  Marine  
  52  5:13  Marine x2  
  56  5:15  Barracks Tech Lab, Barracks Reactor  
  56  5:18  SCV  
  56  5:21  SCV  
  58  5:25  Supply Depot, Marine  
  59  5:28  Terran Infantry Armor Level 1  
  59  5:30  Marine  
  59  5:31  Supply Depot  
  59  5:33  SCV  
  61  5:39  Marine  
  62  5:44  Supply Depot  
  62  5:45  Supply Depot  
  62  5:47  SCV, Marine, Marauder  
  62  5:48  SCV  
  67  5:50  Marauder  
  69  5:57  Starport  
  69  5:59  Factory Reactor  
  69  6:00  SCV  
  69  6:01  SCV  
  71  6:07  Marauder  
  71  6:08  Marine x2  
  71  6:11  Marine  
  76  6:16  Marauder, Marine  
  79  6:19  Marauder  
  81  6:30  Marauder, Marine x3  
  86  6:34  Supply Depot  
  86  6:37  Marauder  
  88  6:41  Supply Depot  
  88  6:42  Supply Depot, Medivac  
  88  6:43  Medivac  
  88  6:46  Marine x2  
  94  6:56  Armory, Marine x3  
  97  7:07  Marine x3  
  100  7:12  Medivac  
  100  7:13  Medivac, Marauder  
  100  7:14  Supply Depot  
  106  7:18  Marine  
  107  7:24  Marine  
  107  7:25  Marauder  
  107  7:26  Liberator, Marauder  
  112  7:31  Marine x2  
  112  7:33  SCV x2, Marine  
  117  7:39  Marine  
  117  7:41  Marine  
  122  7:48  Marine  
  119  7:56  Liberator  
  111  8:00  Marine  
  111  8:01  Marauder  
  111  8:04  Marine  
  111  8:05  Marauder  
  85  8:36  Marine x2  
  85  8:37  Marauder  
  85  8:38  Medivac  
  88  8:44  Marine x3  
  88  8:45  Marauder  
  92  8:51  SCV  
  92  8:54  Marine x2  
  95  8:56  Medivac  
  95  8:58  Marine  
  95  9:02  Marine x2  
  100  9:05  Marine x2  
  102  9:13  Marine  
  102  9:16  Marauder  
  81  9:25  Marine x3  
  81  9:26  SCV, Marauder  
  81  9:27  SCV  
  88  9:32  Terran Infantry Weapons Level 2  
  88  9:36  Liberator  
  88  9:37  Medivac  
  90  9:39  Marine x2  
  90  9:44  Marine x3  
  95  9:48  Marine x2  
  97  9:56  Liberator  
  97  9:57  Marine  
  101  10:03  Ghost Academy  
  101  10:04  Marauder  
  101  10:05  Marine x2  
  108  10:23  Marauder x2, Marine x2  
  108  10:26  Marauder  
  116  10:33  Marine x2  
  118  10:41  Marine  
  119  10:43  Ghost  
  119  10:45  Ghost  
  123  10:51  Ghost  
  125  11:02  Supply Depot  
  125  11:05  Supply Depot x2  
  125  11:10  Marine  
  126  11:23  Ghost, Marine x5  
  133  11:30  Marine  
  134  11:41  Ghost  
  134  11:45  Marine, Marauder  
  122  11:53  Marine x2  
  122  11:54  Marauder  
  105  11:56  Marine  
  86  12:02  Marine  
  86  12:07  Marauder  
  87  12:10  Marine  
  87  12:12  Marine  
  89  12:19  Marine  
Show
View Real Time Build Order
Export as new Build Order

PappiJoe Protoss 

Build Orders: 1 Gate Expand 

Get SALT Encoding   

  12  0:00  Probe  
  13  0:13  Pylon  
  13  0:18  Probe  
  14  0:32  Gateway  
  14  0:35  Probe (Chrono Boost)  
  15  0:47  Probe (Chrono Boost)  
  15  0:48  Assimilator  
  16  0:55  Probe (Chrono Boost)  
  17  1:01  Probe  
  18  1:13  Probe  
  19  1:19  Cybernetics Core  
  19  1:25  Probe  
  20  1:37  Nexus  
  20  1:39  Probe  
  21  1:54  Stalker (Chrono Boost)  
  21  1:59  Pylon  
  23  2:06  Assimilator  
  23  2:15  Stalker (Chrono Boost)  
  23  2:17  Probe  
  26  2:29  Probe  
  27  2:32  Assimilator  
  27  2:34  Warp Gate (Chrono Boost)  
  27  2:41  Probe  
  28  2:50  Probe  
  29  2:53  Probe  
  30  3:02  Probe  
  30  3:05  Twilight Council  
  31  3:06  Probe  
  32  3:14  Probe  
  31  3:21  Gateway  
  31  3:22  Gateway  
  31  3:23  Stalker (Chrono Boost)  
  31  3:26  Shield Battery  
  33  3:28  Probe  
  33  3:30  Probe  
  35  3:38  Shield Battery  
  33  3:44  Probe, Pylon  
  33  3:45  Probe  
  35  3:49  Stalker (Chrono Boost)  
  37  4:05  Blink (Chrono Boost)  
  37  4:07  Probe x2  
  39  4:19  Probe  
  39  4:22  Probe  
  41  4:31  Probe  
  42  4:35  Probe, Nexus  
  43  4:41  Robotics Facility  
  43  4:43  Probe  
  44  4:48  Probe  
  44  4:51  Pylon  
  44  4:52  Pylon  
  45  4:53  Stalker  
  45  4:58  Stalker  
  49  5:01  Probe  
  49  5:03  Stalker  
  49  5:05  Probe  
  53  5:13  Probe  
  54  5:18  Gateway  
  54  5:19  Probe, Sentry  
  54  5:20  Gateway  
  57  5:24  Stalker  
  57  5:26  Probe  
  57  5:28  Stalker  
  62  5:30  Observer (Chrono Boost)  
  62  5:32  Probe  
  64  5:38  Probe  
  65  5:44  Probe  
  65  5:45  Zealot  
  65  5:46  Immortal (Chrono Boost)  
  65  5:48  Probe  
  73  5:50  Probe, Charge (Chrono Boost)  
  73  5:53  Pylon  
  73  5:56  Probe  
  75  6:04  Stalker  
  75  6:05  Zealot x2  
  75  6:08  Probe, Pylon  
  75  6:09  Probe  
  83  6:11  Probe  
  84  6:22  Probe, Immortal (Chrono Boost)  
  84  6:23  Probe  
  90  6:32  Gateway, Pylon  
  90  6:34  Probe  
  90  6:35  Probe, Gateway  
  90  6:38  Stalker  
  94  6:41  Probe  
  94  6:45  Gateway  
  94  6:46  Gateway  
  95  6:52  Gateway  
  95  6:53  Pylon, Warp Prism (Chrono Boost)  
  97  7:02  Sentry x2  
  97  7:08  Zealot  
  102  7:10  Stalker x2  
  102  7:15  Pylon  
  106  7:17  Pylon  
  106  7:18  Pylon  
  106  7:19  Pylon  
  105  7:28  Zealot x3  
  111  7:32  Observer  
  111  7:35  Stalker x2  
  116  7:37  Zealot x2  
  116  7:42  Zealot x2  
  124  7:51  Zealot x3  
  120  7:59  Zealot x3  
  120  8:00  Zealot  
  92  8:07  Zealot x5  
  92  8:11  Zealot x3  
  92  8:12  Warp Prism  
  102  8:25  Zealot  
  98  8:28  Zealot x3  
  98  8:32  Zealot x3  
  75  8:48  Zealot x3  
  75  8:49  Zealot  
  75  8:52  Immortal (Chrono Boost)  
  75  8:54  Zealot x3  
  93  9:09  Zealot x4  
  101  9:15  Zealot x2  
  87  9:19  Zealot  
  79  9:30  Nexus  
  79  9:36  Templar Archives  
  79  9:37  Sentry  
  81  9:45  Zealot x2  
  85  9:54  Pylon  
  85  9:56  Pylon  
  84  10:03  Zealot x3  
  90  10:24  Nexus  
  90  10:26  High Templar x5  
  90  10:27  High Templar  
  102  10:31  Archon x2  
  102  10:32  Archon  
  102  10:33  Stalker x2  
  106  11:00  High Templar x2, Zealot  
  106  11:01  Zealot x3  
  118  11:06  Pylon, Archon  
  118  11:14  Pylon  
  118  11:16  Pylon  
  118  11:21  Pylon  
  118  11:24  Stalker x2  
  118  11:25  Stalker  
  124  11:26  Zealot  
  116  11:48  Zealot x3  
  116  11:49  Zealot x3  
  70  12:12  High Templar x2  
  70  12:13  Zealot x5  
  70  12:14  Zealot  
  80  12:16  Archon  
  84  12:34  Zealot  
  84  12:35  Zealot x4  
  66  12:41  Zealot  
Tags
 
Add a new tag
Caveats
  • Supply blocks, unpowered buildings, or Contaminate may cause inaccurate times.
  • Supply counts are checked every 10 seconds.